 Dungeon Crawl Stone Soup version 0.23.2-33-g5129a83184 (webtiles) character file.

Game seed: 5173888093325431360

27204 MalarOregon the Spry (level 13, 0/114 HPs)
             Began as a Merfolk Gladiator on Aug 3, 2019.
             Was a High Priest of the Shining One.
             Slain by a dream sheep (6 damage)
             ... on level 4 of the Lair of Beasts.
             The game lasted 00:34:20 (16761 turns).

MalarOregon the Spry (Merfolk Gladiator)           Turns: 16761, Time: 00:34:20

Health: 0/114      AC: 20    Str: 15    XL:     13   Next: 30%
Magic:  12/13      EV: 18    Int: 17    God:    the Shining One [*****.]
Gold:   949        SH: 13    Dex: 15    Spells: 3/12 levels left

rFire    . . .     SeeInvis .   a - +2 trident (freeze)
rCold    . . .     Gourm    +   m - +2 shield
rNeg     + + +     Faith    .   i - +2 scale mail {rN+}
rPois    .         Spirit   .   c - +0 helmet
rElec    .         Reflect  .   d - +0 cloak
rCorr    .         Harm     .   y - +2 pair of gloves
MR       .....                  q - +0 pair of boots
Stlth    ..........             B - amulet of the gourmand
HPRegen  0.29/turn              h - +2 ring of protection
MPRegen  0.13/turn              s - +3 ring of protection

@: brilliant, lethally poisoned (0 -> 0), about to teleport, glowing
A: change form in water, swift swim, stealthy swim
a: Divine Shield, Cleansing Flame, Summon Divine Warrior, Renounce Religion


You were on level 4 of the Lair of Beasts.
You worshipped the Shining One.
The Shining One was extremely pleased with you.
You were very full.

You visited 3 branches of the dungeon, and saw 15 of its levels.
You also visited: Volcano.

You collected 949 gold pieces.

Inventory:

Hand Weapons
 a - a +2 trident of freezing (weapon)
 k - a +2 trident of venom
   (You took it off a gnoll sergeant on level 10 of the Dungeon)
 F - a +1 trident of protection
   (You took it off a gnoll sergeant on level 10 of the Dungeon)
 G - the +4 hunting sling of Objectivity {velocity, MP+9}
   (You took it off a spriggan on level 10 of the Dungeon)

   Any stone fired from it inflicts extra damage.
   It affects your magic capacity (+9).
Missiles
 f - 4 tomahawks (quivered)
Armour
 c - a +0 helmet (worn)
 d - a +0 cloak (worn)
   (You found it on level 3 of the Dungeon)
 i - a +2 scale mail of positive energy (worn)
   (You took it off Terence on level 3 of the Dungeon)
 m - a +2 shield (worn)
   (You took it off a gnoll sergeant on level 10 of the Dungeon)
 q - a +0 pair of boots (worn)
   (You found it on level 2 of the Dungeon)
 y - a +2 pair of gloves (worn)
   (You found it on level 8 of the Dungeon)
 L - a +1 leather armour of fire resistance
   (You found it in a volcano)
 O - a +3 plate armour of fire resistance
   (You found it in a volcano)
Jewellery
 h - a +2 ring of protection (left hand)
   (You found it on level 3 of the Dungeon)
 o - an uncursed ring of protection from cold
   (You took it off an orc priest on level 9 of the Dungeon)
 s - a +3 ring of protection (right hand)
   (You found it on level 5 of the Dungeon)
 B - an amulet of the gourmand (around neck)
   (You found it on level 9 of the Dungeon)
 J - an uncursed amulet of guardian spirit
   (You found it on level 2 of the Lair of Beasts)
 M - an uncursed ring of wizardry
   (You found it on level 2 of the Lair of Beasts)
 Q - an uncursed ring of see invisible {unknown}
   (You found it on level 3 of the Lair of Beasts)
Wands
 t - a wand of flame (20)
   (You took it off Terence on level 3 of the Dungeon)
 u - a wand of paralysis (5)
   (You found it in a volcano)
 x - a wand of acid (5)
   (You found it on level 2 of the Lair of Beasts)
 E - a wand of enslavement (4)
   (You took it off an orc priest on level 9 of the Dungeon)
Scrolls
 b - 3 scrolls of remove curse {@r2}
 g - 3 scrolls of identify {@r1}
 j - a scroll of blinking
 r - 2 scrolls of amnesia
 z - a scroll of fog
 A - 3 scrolls of fear
 D - 5 scrolls of teleportation {@r4}
 I - a scroll of acquirement
Potions
 l - 3 potions of heal wounds {@q2}
 n - 2 potions of resistance
 p - 3 potions of flight
 v - a potion of magic
 w - a potion of might
 K - 2 potions of haste {@q3}
 N - 3 potions of curing {@q1}
 P - a potion of berserk rage
Comestibles
 e - 23 rations {!d}


   Skills:
 + Level 14.6 Fighting
 - Level 14.0 Polearms
 - Level 2.0 Throwing
 - Level 2.3 Armour
 - Level 17.0 Dodging
 + Level 10.1 Shields


You had 3 spell levels left.
You knew the following spells:

 Your Spells              Type           Power        Failure   Level  Hunger
b - Blink                 Tloc           N/A          26%         2    ###....
q - Shroud of Golubria    Chrm/Tloc      ##........   26%         2    ###....
w - Summon Mana Viper     Hex/Summ       ##......     97%         5    ######.

Your spell library contained the following spells:

 Spells                   Type           Power        Failure   Level  Hunger
 Animate Skeleton         Necr           N/A          17%         1    ##.....
 Apportation              Tloc           ##....       17%         1    ##.....
 Confusing Touch          Hex            ##....       17%         1    ##.....
 Summon Butterflies       Summ           ##......     17%         1    ##.....
 Summon Small Mammal      Summ           ##..         17%         1    ##.....
 Call Canine Familiar     Summ           ##......     43%         3    ####...
 Gell's Gravitas          Tloc           ##........   43%         3    ####...
 Lesser Beckoning         Tloc           ##........   43%         3    ####...
 Teleport Other           Tloc           ##......     43%         3    ####...
 Leda's Liquefaction      Hex/Erth       ##........   78%         4    #####..
 Passage of Golubria      Tloc           N/A          78%         4    #####..
 Summon Ice Beast         Ice/Summ       ##......     78%         4    #####..
 Bolt of Magma            Conj/Fire/Erth ##........   97%         5    ######.
 Iron Shot                Conj/Erth      ##........   100%        6    #######
 Statue Form              Tmut/Erth      ##.......    100%        6    #######
 Summon Hydra             Summ           ##........   100%        7    #######
 Shatter                  Erth           ##........   100%        9    #######


Dungeon Overview and Level Annotations

Branches:
Dungeon (10/15)            Temple (1/1) D:6            Lair (4/6) D:10
  Swamp (0/4) Lair:2          Orc (0/2) D:10
  Snake: Lair:2-4    Spider: Lair:2-4

Altars:
Ashenzari
Cheibriados
Dithmenos
Elyvilon
Fedhas
Gozag
Hepliaklqana
Kikubaaqudgha
Makhleb
Nemelex Xobeh
Okawaru
Qazlal
Ru
Sif Muna
Trog
Uskayaw
Vehumet
Wu Jian
Xom
Yredelemnul
Zin
The Shining One


Message History

You hit the spiny frog but do no damage.
The dream sheep bites you.
* * * LOW HITPOINT WARNING * * *
The spiny frog misses you. The dream sheep barely misses you.
Okay, then.
Okay, then.
Unknown command.
It was a potion of brilliance.
You feel clever all of a sudden.
You feel sick.
The dream sheep bites you but does no damage.
The spiny frog misses you.
The dream sheep are wreathed in dream dust.
You feel drowsy...
You fall asleep.
The dream sheep bites you but does no damage.
You feel sick. The dream sheep bites you!
You wake up.
* * * LOW HITPOINT WARNING * * *
You block the spiny frog's attack. You block the dream sheep's attack.
Unknown command.
You blink.
You feel sick.
Found a potion of curing and a runed hand crossbow.
As you read the scroll of identify {@r1}, it crumbles to dust.
P - a potion of berserk rage You feel sick.
Okay, then.
Okay, then.
You feel sick.
Found a ration.
You feel sick.
The dream sheep shake their wool and sparkle.
You feel drowsy...
You fall asleep.
You feel sick. The dream sheep barely misses you.
You feel sick. The dream sheep misses you. The spiny frog stings you!
You wake up.
* * * LOW HITPOINT WARNING * * *
The bullfrog hits you but does no damage.
The dream sheep completely misses you. You block the dream sheep's attack.
Unknown command.
Okay, then.
You feel sick.
As you read the scroll of teleportation {@r4}, it crumbles to dust.
You feel strangely unstable. You block the bullfrog's attack.
The spiny frog stings you!
* * * LOW HITPOINT WARNING * * *
You block the bullfrog's attack.
You puncture the spiny frog!
The spiny frog seems to slow down.
You freeze the spiny frog.
You kill the spiny frog!
You feel sick. The dream sheep bites you.
You die...

#...<# ## ##
........##.##.#.
P.####..........
##.........
##....!....
#.F....)...
#YYY.......
##FYF......
#@.........
##Y........
..........
#.........
#......%.
#........
...P.P.P#
.######


You could see 2 spiny frogs, a bullfrog and 4 dream sheep.

Vanquished Creatures
  A red draconian (Volcano)
  An ogre mage (Volcano)
  2 hydras
  4 two-headed ogres (Volcano)
  A deep elf mage (D:10)
  An ugly thing (D:9)
  5 black mambas
  2 molten gargoyles (Volcano)
  6 spiny frogs
  A torpor snail (Lair:2)
  3 komodo dragons
  A troll (D:10)
  A polar bear (Lair:3)
  A merfolk (D:10)
  Grinder (D:6)
  6 blink frogs (Lair:1)
  6 tyrant leeches (Lair:2)
  4 hippogriffs
  A spriggan (D:10)
  Sigmund (D:3)
  14 yaks
  A vampire (D:10)
  2 fire bats (Volcano)
  2 hungry ghosts
  A basilisk (Lair:3)
  6 swamp worms (Lair:2)
  Menkaure (D:4)
  4 water moccasins
  8 porcupines
  Duvessa (D:4)
  11 orc warriors
  3 phantoms
  An ice beast (D:9)
  3 black bears
  12 ogres
  5 centaurs
  2 crocodiles
  4 big kobolds (D:10)
  12 bullfrogs
  Blork the orc (D:4)
  4 gnoll sergeants
  A wyvern skeleton (D:10)
  Dowan (D:4)
  4 scorpions
  A howler monkey (D:9)
  4 wights (D:7)
  A centaur zombie (D:5)
  8 lava snakes (Volcano)
  5 crimson imps
  A quasit (D:10)
  2 bullfrog zombies
  2 centaur skeletons (D:9)
  A jelly (D:6)
  5 hounds
  5 orc priests
  A bullfrog skeleton (D:9)
  6 orc wizards
  4 hell rats (Lair:3)
  Terence (D:3)
  8 worker ants
  3 iguanas
  2 ogre zombies (D:5)
  A hound zombie (D:9)
  A hound skeleton (D:9)
  A howler monkey zombie (D:8)
  A worker ant zombie (D:10)
  Robin (D:3)
  7 adders
  3 gnolls
  An orc zombie (D:5)
  A shadow imp (D:5)
  An ooze (D:3)
  An adder zombie (D:5)
  2 adder skeletons (D:4)
  3 worms
  2 dart slugs
  A leopard gecko (D:4)
  51 orcs
  2 ball pythons
  6 giant cockroaches
  18 goblins
  9 hobgoblins
  23 jackals
  5 quokkas
  4 bats
  9 frilled lizards
  16 kobolds
  A leopard gecko skeleton (D:4)
  A quokka skeleton (D:6)
  A quokka zombie (D:6)
  7 rats
393 creatures vanquished.

Vanquished Creatures (others)
  A giant cockroach (D:3)
  6 fungi
  4 plants (Lair:2)
11 creatures vanquished.

Grand Total: 404 creatures vanquished

Notes
Turn   | Place    | Note
-------+----------+-------------------------------------------
     0 | D:1      | MalarOregon the Merfolk Gladiator began the quest for the
                  | Orb.
     0 | D:1      | Reached XP level 1. HP: 16/16 MP: 1/1
   139 | D:1      | Reached XP level 2. HP: 20/23 MP: 2/2
   818 | D:2      | Reached skill level 5 in Polearms
   968 | D:2      | Reached XP level 3. HP: 29/29 MP: 3/3
  1062 | D:2      | Found a glowing golden altar of the Shining One.
  1072 | D:2      | Became a worshipper of the Shining One
  1810 | D:2      | Reached XP level 4. HP: 32/35 MP: 4/4
  2055 | D:3      | Noticed Sigmund
  2363 | D:3      | Found a sacrificial altar of Ru.
  2785 | D:3      | Reached XP level 5. HP: 42/42 MP: 5/5
  2938 | D:3      | HP: 2/43 [Sigmund/+0 scythe (7)]
  2941 | D:3      | Killed Sigmund
  2941 | D:3      | Reached skill level 5 in Fighting
  2941 | D:3      | Reached XP level 6. HP: 3/51 MP: 6/6
  3368 | D:3      | Noticed Robin
  3409 | D:3      | Killed Robin
  3588 | D:3      | Noticed Terence
  3605 | D:3      | Killed Terence
  4043 | D:2      | Found a glowing golden altar of the Shining One.
  4148 | D:4      | Noticed Blork the orc
  4158 | D:4      | Killed Blork the orc
  4158 | D:4      | Reached XP level 7. HP: 52/58 MP: 7/7
  4199 | D:4      | You fall through a shaft for 2 floors!
  4237 | D:6      | Reached * piety under the Shining One
  4239 | D:6      | Found a sparkling altar of Nemelex Xobeh.
  4241 | D:6      | Noticed Grinder
  4272 | D:6      | Killed Grinder
  4337 | D:6      | Found a staircase to the Ecumenical Temple.
  4371 | Temple   | Entered the Ecumenical Temple
  4551 | D:5      | Entered Level 5 of the Dungeon
  4578 | D:6      | Reached XP level 8. HP: 67/67 MP: 8/8
  4579 | D:6      | Found a hide-covered altar of Uskayaw.
  4772 | D:6      | Reached skill level 10 in Polearms
  4815 | D:6      | Found a hazy altar of Hepliaklqana.
  4978 | D:5      | Found a transporter.
  5023 | D:5      | Found a white marble altar of Elyvilon.
  5107 | D:5      | Found an ancient bone altar of Kikubaaqudgha.
  5362 | D:5      | Found a shattered altar of Ashenzari.
  5590 | D:5      | Found a transporter.
  6330 | D:4      | Noticed Dowan
  6333 | D:4      | Noticed Duvessa
  6357 | D:4      | Killed Dowan
  6393 | D:4      | Killed Duvessa
  6393 | D:4      | Reached XP level 9. HP: 9/76 MP: 9/9
  6764 | D:4      | Reached ** piety under the Shining One
  6980 | D:4      | Noticed Menkaure
  6988 | D:4      | Killed Menkaure
  7808 | D:7      | Found an iron altar of Okawaru.
  7899 | D:7      | Reached skill level 10 in Fighting
  8321 | D:8      | Reached *** piety under the Shining One
  8582 | D:8      | Reached skill level 1 in Shields
  8657 | D:8      | Reached XP level 10. HP: 86/86 MP: 10/10
  9670 | D:9      | Identified a scroll of acquirement
  9677 | D:9      | Reached skill level 5 in Dodging
  9745 | D:9      | Reached skill level 6 in Dodging
  9759 | D:9      | Reached skill level 7 in Dodging
  9767 | D:9      | Reached skill level 8 in Dodging
  9790 | D:9      | Reached skill level 9 in Dodging
 10015 | D:9      | Reached skill level 10 in Dodging
 10097 | D:9      | Reached **** piety under the Shining One
 10113 | D:9      | Reached skill level 11 in Dodging
 10164 | D:9      | Reached skill level 12 in Dodging
 10195 | D:9      | Noticed a purple ugly thing
 10636 | D:9      | Killed a purple ugly thing
 10636 | D:9      | Reached skill level 13 in Dodging
 10636 | D:9      | Reached XP level 11. HP: 71/92 MP: 11/11
 10774 | D:10     | Entered Level 10 of the Dungeon
 10795 | D:10     | Noticed a five-headed hydra
 10825 | D:10     | Killed a five-headed hydra
 10825 | D:10     | Reached skill level 14 in Dodging
 10830 | D:10     | Reached skill level 15 in Dodging
 10884 | D:10     | Found a blossoming altar of Fedhas.
 10976 | D:10     | Found a staircase to the Orcish Mines.
 10996 | D:10     | Reached skill level 16 in Dodging
 11072 | D:10     | Reached skill level 17 in Dodging
 11443 | D:10     | Reached skill level 1 in Armour
 11755 | D:10     | Identified the +4 hunting sling of Objectivity {velocity,
                  | MP+9}
 11757 | D:10     | Noticed a deep elf mage
 11767 | D:10     | Killed a deep elf mage
 11768 | D:10     | Reached ***** piety under the Shining One
 11919 | D:10     | Found a staircase to the Lair.
 12074 | Lair:1   | Entered Level 1 of the Lair of Beasts
 12214 | Lair:1   | Reached skill level 5 in Shields
 12236 | Lair:1   | Noticed an eight-headed hydra
 12248 | Lair:1   | Killed an eight-headed hydra
 12248 | Lair:1   | Reached XP level 12. HP: 44/102 MP: 12/12
 12708 | Lair:1   | Found a bloodstained altar of Trog.
 13172 | Lair:2   | Found a staircase to the Swamp.
 13795 | Lair:2   | Learned a level 2 spell: Blink
 13798 | Lair:2   | Learned a level 2 spell: Shroud of Golubria
 14328 | Lair:2   | Learned a level 5 spell: Summon Mana Viper
 14669 | Lair:3   | Found a dark tunnel.
 14674 | Volcano  | Entered a volcano
 15242 | Volcano  | Found a radiant altar of Vehumet.
 15242 | Volcano  | Noticed a two-headed ogre
 15242 | Volcano  | Noticed a two-headed ogre
 15242 | Volcano  | Noticed an ogre mage
 15242 | Volcano  | Noticed a two-headed ogre
 15251 | Volcano  | Killed a two-headed ogre
 15258 | Volcano  | Killed an ogre mage
 15258 | Volcano  | Reached XP level 13. HP: 94/113 MP: 13/13
 15502 | Volcano  | Noticed a red draconian
 15539 | Volcano  | Killed a red draconian
 16426 | Lair:3   | Reached skill level 10 in Shields
 16761 | Lair:4   | Slain by a dream sheep

Skill      XL: |  1  2  3  4  5  6  7  8  9 10 11 12 13 |
---------------+----------------------------------------+-----
Polearms       | 5 6 7 8 9 11 13 14 | 14.0
Fighting       | 3 4 5 6 7 9 10 12 14 | 14.6
Shields        | 1 4 5 9 10 | 10.1
Dodging        | 13 17 | 17.0
Armour         | 2 |  2.3
Throwing       | |  2.0

Action                   |  1- 3 |  4- 6 |  7- 9 | 10-12 | 13-15 || total
-------------------------+-------+-------+-------+-------+-------++-------
Melee: Trident           |   159 |   239 |   428 |  1096 |   151 ||  2073
Throw: Throwing net      |       |     3 |       |       |       ||     3
       Tomahawk          |       |     1 |       |       |       ||     1
 Cast: Blink             |       |       |       |       |     1 ||     1
  Use: Potion            |       |     5 |     2 |       |     2 ||     9
       Scroll            |       |     7 |     3 |    13 |     2 ||    25
 Stab: Sleeping          |     1 |       |       |       |       ||     1
  Eat: Chunk             |     2 |     4 |    16 |    30 |     6 ||    58
       Ration            |       |     1 |       |     1 |       ||     2
Armor: Leather armour    |    11 |       |       |       |       ||    11
       Scale mail        |    38 |   131 |   114 |   140 |    30 ||   453
       Skin              |       |       |     1 |       |       ||     1
Dodge: Dodged            |    73 |   150 |   138 |   334 |    58 ||   753
Block: Buckler           |       |       |     2 |    63 |       ||    65
       Shield            |       |       |       |   113 |    62 ||   175
